 Dungeon Crawl Stone Soup version 0.22-a0-614-g34fbaa0 (webtiles) character file.

1645 Lianjan the Skirmisher (level 8, 0/94 HPs)
             Began as an Ogre Transmuter on July 12, 2018.
             Was a Follower of Hepliaklqana.
             Slain by a wight
             ... wielding a +5 mace
              (7 damage)
             ... on level 6 of the Dungeon.
             The game lasted 00:18:48 (8047 turns).

Lianjan the Skirmisher (Ogre Transmuter)            Turns: 8047, Time: 00:18:48

Health: 0/94       AC:  5    Str: 15    XL:     8   Next: 99%
Magic:  10/11      EV:  9    Int: 14    God:    Hepliaklqana [*.....]
Gold:   236        SH:  0    Dex: 11    Spells: 1/11 levels left

rFire    x . .     SeeInvis .     - Unarmed
rCold    + + +     Gourm    .   (shield currently unavailable)
rNeg     . . .     Faith    .   (armour currently unavailable)
rPois    +         Spirit   .   (helmet currently unavailable)
rElec    .         Reflect  .   (cloak currently unavailable)
rCorr    .         Harm     .   (gloves unavailable)
MR       .....                  (boots unavailable)
Stlth    +.........             (no amulet)
HPRegen  0.25/turn              i - ring of flight
MPRegen  0.12/turn              q - ring of wizardry

@: ice-form (expiring), heavily drained
A: large, unfitting armour, reduced essence
a: End Transformation, Recall Ancestor, Ancestor Identity, Renounce Religion,
Evoke Flight


You were on level 6 of the Dungeon.
You worshipped Hepliaklqana.
Hepliaklqana was aware of your devotion.
You were hungry.
You were a creature of crystalline ice.
You visited 2 branches of the dungeon, and saw 7 of its levels.

You collected 236 gold pieces.

Inventory:

Missiles
 a - 138 arrows
 g - 3 throwing nets (quivered)
 t - 5 curare-tipped needles
Armour
 b - a +1 robe (melded)
Jewellery
 i - a ring of flight (left front paw)
 q - a ring of wizardry (right front paw)
Wands
 h - a wand of random effects (27)
 l - a wand of digging (11)
 x - a wand of enslavement (10)
Scrolls
 j - a scroll of remove curse
 r - a scroll of amnesia {unknown}
 s - 2 scrolls of teleportation
 u - a scroll of holy word {unknown}
 v - 2 scrolls of fog
 y - a scroll of identify
Potions
 c - a potion of might
 e - a potion of flight {unknown}
 f - a potion of ambrosia
 k - a potion of mutation
 m - 3 potions of heal wounds
 n - a potion of degeneration {unknown}
 o - 3 potions of curing
 p - 2 potions of brilliance
 z - a potion of cancellation {unknown}
Comestibles
 d - 10 rations


   Skills:
 + Level 7.6(6.0) Fighting
 - Level 2.6(1.2) Dodging
 - Level 3.6(2.2) Unarmed Combat
 - Level 2.4(1.0) Spellcasting
 + Level 6.0(4.4) Transmutations
 - Level 3.2(1.8) Ice Magic
 - Level 2.0(0.6) Poison Magic
 + Level 3.8(2.3) Invocations


You had one spell level left.
You knew the following spells:

 Your Spells              Type           Power        Failure   Level  Hunger
a - Beastly Appendage     Tmut           ##....       1%          1    ##.....
b - Sticks to Snakes      Tmut           ##......     2%          2    ###....
c - Spider Form           Tmut/Pois      #.........   12%         3    ####...
d - Ice Form              Ice/Tmut       #.......     26%         4    #####..

Your spell library contained the following spells:

 Spells                   Type           Power        Failure   Level  Hunger
 Blade Hands              Tmut           ##........   41%         5    ######.


Dungeon Overview and Level Annotations

Branches:
Dungeon (6/15)             Temple (1/1) D:5

Altars:
Cheibriados
Dithmenos
Hepliaklqana
Kikubaaqudgha
Makhleb
Okawaru
Qazlal
Ru
Sif Muna
Trog
Uskayaw
Vehumet
Yredelemnul
The Shining One

Shops:
D:5 *

Annotations:
D:5 exclusion: door


Innate Abilities, Weirdness & Mutations

You are too large for most types of armour.
((You have tough skin. (AC +1)))
Your life essence is reduced to manifest your ancestor. (-10% HP)


Message History

The wight is lightly damaged.
Your transformation is almost over.
The wight closely misses you. The giant cockroach misses you.
You hit the wight.
The wight is lightly damaged.
The giant cockroach bites you.
* * * LOW HITPOINT WARNING * * *
The wight hits you but does no damage.
You barely miss the wight.
The wight is lightly damaged.
The giant cockroach closely misses you.
The wight hits you with an enchanted mace!
* * * LOW HITPOINT WARNING * * *
You feel drained.
* * * LOW HITPOINT WARNING * * *
The giant cockroach bites you but does no damage.
You barely miss the wight.
The wight is lightly damaged.
The wight hits you with an enchanted mace!
You die...

.. ...... #.# #. #.... #..#
#..#.### #... #.......
#.... ########## #.##.)..
#....##........## #..#####
#...#...#.....#.# ###.####.
#..#..s#(#s..#..# #.....##.
#...))#.zY#...####.....##.
#...##().##(..##..........[
## ######...#####.....###
#..#...#......#####
##...#..#.######⌠_.'
#.....#.#.# #⌠_.'
#.....R##.# ###P#
#......##.# ## #.........#


You could see a wight and a giant cockroach.

Vanquished Creatures
  An ogre (D:6)
  3 centaurs
  4 wights (D:6)
  2 howler monkeys (D:6)
  A crimson imp (D:5)
  2 centaur skeletons
  A centaur zombie (D:5)
  4 orc priests
  A hound (D:6)
  5 orc wizards
  Jessica (D:2)
  Terence (D:2)
  A worker ant (D:6)
  A hound zombie (D:5)
  A hound skeleton (D:5)
  A worker ant zombie (D:6)
  4 adders
  11 gnolls
  A shadow imp (D:5)
  An adder zombie (D:5)
  A worm (D:2)
  2 adder skeletons (D:4)
  5 dart slugs
  4 leopard geckos
  22 orcs
  12 giant cockroaches
  9 goblins
  6 hobgoblins
  4 jackals
  6 kobolds
  10 quokkas
  A ball python (D:1)
  A ball python skeleton (D:4)
  7 bats
  7 frilled lizards
  A leopard gecko skeleton (D:6)
  14 rats
  2 plants (D:3)
161 creatures vanquished.

Vanquished Creatures (collateral kills)
  An ice beast (D:6)
  A sky beast (D:5)
  A crimson imp (D:6)
  A hound skeleton (D:6)
  A worker ant zombie (D:6)
  A shadow imp (D:6)
  2 orcs (D:5)
  A quokka (D:5)
9 creatures vanquished.

Vanquished Creatures (others)
  An ancestor (D:6)
  3 plants (D:3)
4 creatures vanquished.

Grand Total: 174 creatures vanquished

Notes
Turn   | Place    | Note
-------+----------+-------------------------------------------
     0 | D:1      | Lianjan the Ogre Transmuter began the quest for the Orb.
     0 | D:1      | Reached XP level 1. HP: 19/19 MP: 3/3
   168 | D:1      | Reached XP level 2. HP: 16/28 MP: 5/5
   368 | D:1      | Reached skill level 2 in Fighting
   618 | D:1      | Learned a level 2 spell: Sticks to Snakes
   866 | D:1      | Reached XP level 3. HP: 33/35 MP: 6/6
   871 | D:1      | Learned a level 3 spell: Spider Form
  1245 | D:2      | Noticed Jessica
  1250 | D:2      | Killed Jessica
  1250 | D:2      | Reached skill level 1 in Poison Magic
  1250 | D:2      | Reached XP level 4. HP: 31/44 MP: 7/7
  1707 | D:2      | Noticed Terence
  1727 | D:2      | Killed Terence
  1727 | D:2      | Reached skill level 3 in Fighting
  1727 | D:2      | Reached XP level 5. HP: 25/53 MP: 8/8
  2756 | D:3      | Reached XP level 6. HP: 16/62 MP: 2/9
  3086 | D:3      | Found an ancient bone altar of Kikubaaqudgha.
  3359 | D:3      | Reached skill level 4 in Fighting
  3670 | D:3      | Found a burning altar of Makhleb.
  4742 | D:4      | Reached XP level 7. HP: 68/71 MP: 7/10
  4971 | D:5      | Entered Level 5 of the Dungeon
  4979 | D:4      | Learned a level 4 spell: Ice Form
  5067 | D:4      | Reached skill level 1 in Ice Magic
  5155 | D:4      | Reached skill level 5 in Fighting
  5628 | D:5      | Found a staircase to the Ecumenical Temple.
  5637 | Temple   | Entered the Ecumenical Temple
  5827 | Temple   | Became a worshipper of Hepliaklqana the Forgotten
  6255 | D:5      | Reached XP level 8. HP: 47/74 MP: 11/11
  6473 | D:5      | Found Birien's Serpentskin Sales.
  6521 | D:5      | Reached skill level 6 in Fighting
  6521 | D:5      | Reached skill level 5 in Transmutations
  7135 | D:6      | Reached skill level 1 in Invocations
  7268 | D:6      | Found a sacrificial altar of Ru.
  7342 | D:6      | Reached * piety under Hepliaklqana
  7593 | D:6      | Found a hide-covered altar of Uskayaw.
  7593 | D:6      | Found a basalt altar of Yredelemnul.
  7619 | D:6      | Reached skill level 7 in Fighting
  8047 | D:6      | Slain by a wight

Vault maps used:
D:1:      dpeg_arrival_signposts
D:2:      first_ration, uniq_terence, uniq_jessica
D:3:      wad_woods_stonehenge, kiku_gazebo_garden_becter
D:4:      serial_park
D:5:      cheibrodos_two_vegetables, minmay_temple_entry_hall,
          guppyfry_shop_venom
D:6:      gammafunk_temple_overflow_wave, hangedman_decor_slide_cut,
          nicolae_ru_the_path_less_chosen
Temple:   grunt_temple_mini_profane

Skill      XL: |  1  2  3  4  5  6  7  8 |
---------------+-------------------------+-----
Dodging        | 2 |  2.6
Unarmed Combat | 3 |  3.6
Fighting       | 2 3 4 5 7 |  7.6
Transmutations | 2 3 4 6 |  6.0
Poison Magic   | 1 2 |  2.0
Ice Magic      | 3 |  3.2
Invocations    | 3 |  3.8
Spellcasting   | |  2.4

Action                   |  1- 3 |  4- 6 |  7- 9 || total
-------------------------+-------+-------+-------++-------
Melee: Unarmed           |    93 |   386 |   246 ||   725
       Punch             |     4 |     3 |     3 ||    10
       Kick              |     2 |     6 |       ||     8
       Headbutt          |     1 |     3 |       ||     4
 Cast: Beastly Appendage |     3 |     7 |       ||    10
       Spider Form       |       |    26 |    11 ||    37
       Ice Form          |       |       |     5 ||     5
  Use: Scroll            |       |     7 |     5 ||    12
 Stab: Sleeping          |     1 |       |     1 ||     2
       Distracted        |       |       |     4 ||     4
  Eat: Chunk             |     1 |    15 |    10 ||    26
       Ration            |       |       |     1 ||     1
Armor: Robe              |    31 |    40 |    22 ||    93
       Skin              |       |    12 |    16 ||    28
Dodge: Dodged            |    45 |   235 |   149 ||   429

Table legend:
 A = Spawn XP
 B = Non-spawn XP
 C = Spawn XP percentage of total XP
 D = Spawn monster count
 E = Non-spawn monster count
 F = Spawn count percentage of total count
 G = Total turns spent on level
                    A         B        C        D         E        F      G
               +---------+---------+-------+---------+---------+-------+---------
         Total |       0 |    2351 |   0.0 |       0 |     164 |   0.0 |  8047
               +---------+---------+-------+---------+---------+-------+---------
           D:1 |       0 |      43 |   0.0 |       0 |      25 |   0.0 |  1455
           D:2 |       0 |     199 |   0.0 |       0 |      29 |   0.0 |  1340
           D:3 |       0 |     256 |   0.0 |       0 |      44 |   0.0 |  1263
           D:4 |       0 |     221 |   0.0 |       0 |      19 |   0.0 |  1248
           D:5 |       0 |     689 |   0.0 |       0 |      23 |   0.0 |  1597
           D:6 |       0 |     943 |   0.0 |       0 |      24 |   0.0 |   930
               +---------+---------+-------+---------+---------+-------+---------
